 Dungeon Crawl Stone Soup version 0.20-a0-492-g6327889 (webtiles) character file.

21712 Faca the Carver (level 13, -7/101 HPs)
             Began as a Formicid Fighter on Jan 14, 2017.
             Was a High Priest of Okawaru.
             Mangled by a nine-headed hydra (11 damage)
             ... on level 12 of the Dungeon on Jan 15, 2017.
             The game lasted 00:47:43 (13879 turns).

Faca the Carver (Formicid Fighter)                 Turns: 13879, Time: 00:47:44

Health: -7/101     AC: 24    Str: 25    XL:     13   Next: 22%
Magic:  13/13      EV: 10    Int: 10    God:    Okawaru [*****.]
Gold:   757        SH: 14    Dex: 16    Spells: 12/12 levels left

rFire    . . .     SeeInvis +   L - +1 rapier (venom)
rCold    . . .     Gourm    .   N - +7 chain mail of Enaunnema {Dex+3}
rNeg     . . .     Faith    .   c - +0 shield
rPois    +         Spirit   .   (helmet unavailable)
rElec    .         Reflect  .   i - +1 cloak {rPois}
rCorr    .         Harm     .   u - +0 pair of gloves
MR       ++...                  o - +1 pair of boots
Stlth    ..........             (no amulet)
Regen    0.2/turn               H - +4 ring of strength
                                h - ring of protection from magic

@: no status effects
A: permanent stasis, dig shafts and tunnels, four strong arms, antennae 3
a: Dig, Shaft Self, Heroism, Finesse, Renounce Religion


You were on level 12 of the Dungeon.
You worshipped Okawaru.
Okawaru was extremely pleased with you.
You were not hungry.

You visited 2 branches of the dungeon, and saw 13 of its levels.

You collected 757 gold pieces.

Inventory:

Hand Weapons
 p - a +0 hunting sling
 B - a +0 vampiric great sword
 L - a +1 rapier of venom (weapon)
Missiles
 d - 56 sling bullets
 g - 357 stones (quivered)
Armour
 c - a +0 shield (worn)
 i - a +1 cloak of poison resistance (worn)
 o - a +1 pair of boots (worn)
 u - a +0 pair of gloves (worn)
 N - the +7 chain mail of Enaunnema (worn) {Dex+3}
   (Okawaru gifted it to you on level 9 of the Dungeon)

   It affects your dexterity (+3).
Jewellery
 h - a ring of protection from magic (left hand)
 l - an uncursed ring of protection from fire
 H - a +4 ring of strength (right hand)
 O - an uncursed ring of positive energy
Wands
 b - a wand of flame (9/48)
 m - a wand of disintegration (7/24)
 n - a wand of iceblast (15/15)
 K - a wand of polymorph (8/24)
Scrolls
 e - a scroll of magic mapping
 q - 5 scrolls of remove curse
 s - 2 scrolls of enchant armour
 v - 4 scrolls of recharging
 y - a scroll of enchant weapon
 I - 2 scrolls of fog
Potions
 a - 4 potions of curing
 j - a potion of brilliance
 k - 3 potions of flight
 x - a potion of agility
 A - 3 potions of invisibility
 D - a potion of might
Comestibles
 f - 5 bread rations
 r - 7 beef jerkies
 t - 2 royal jellies
 C - 2 meat rations
 E - 2 slices of pizza


   Skills:
 + Level 9.1 Fighting
 + Level 3.6(9.8) Short Blades
 + Level 13.7(13.9) Long Blades
 + Level 9.1 Armour
 + Level 3.0 Dodging
 + Level 1.1 Stealth
 + Level 12.5 Shields
 + Level 0.5 Invocations


You had 12 spell levels left.
You didn't know any spells.

Dungeon Overview and Level Annotations

Branches:
Dungeon (12/15)            Temple (1/1) D:5            Lair (0/6) D:11
    Orc (0/2) D:10

Altars:
Ashenzari
Cheibriados
Fedhas
Gozag
Hepliaklqana
Kikubaaqudgha
Makhleb
Okawaru
Qazlal
Ru
Sif Muna
Trog
Uskayaw
Zin

Shops:
D:5 :([%:   D:9 [   D:10 :   D:12 (


Innate Abilities, Weirdness & Mutations

You cannot be hasted, slowed, berserked, paralysed or teleported.
You can dig through walls and to a lower floor.
Your four strong arms can wield two-handed weapons with a shield.
You have a pair of large antennae on your head. (SInv)


Message History

* * * LOW HITPOINT WARNING * * *
The nine-headed hydra bites you but does no damage. x4
You puncture the nine-headed hydra!
The nine-headed hydra is almost dead.
You hit the nine-headed hydra.
The nine-headed hydra is almost dead.
The nine-headed hydra bites you.
* * * LOW HITPOINT WARNING * * *
You block the nine-headed hydra's attack.
The nine-headed hydra bites you.
* * * LOW HITPOINT WARNING * * *
The nine-headed hydra bites you but does no damage.
You block the nine-headed hydra's attack.
The nine-headed hydra bites you but does no damage.
You block the nine-headed hydra's attack. x3
You hit the nine-headed hydra.
The nine-headed hydra is almost dead.
The nine-headed hydra bites you but does no damage.
The nine-headed hydra bites you!
You die...

.# #.#
#.#.#.......#
.# #.#
#.#.#.#######
.# #.# #...#..
####.# #######
.....# ..>..#
####.# #######
#.# #.....#
#.#######.###@#
#...?.....# #D#
#########.# #..
#.# #### ###


You could see a nine-headed hydra.

Vanquished Creatures
  2 hydras
  A queen ant (D:10)
  4 two-headed ogres
  A death knight (D:10)
  5 skeletal warriors
  An unseen horror (D:10)
  Pikel (D:4)
  2 manticores
  An ugly thing (D:9)
  Psyche (D:11)
  A kobold demonologist (D:11)
  A centaur skeleton (D:10)
  2 trolls
  Prince Ribbit (D:8)
  A hippogriff (D:10)
  A spriggan (D:7)
  2 wraiths
  13 yaks
  A shadow (D:12)
  A hungry ghost (D:8)
  4 vampire mosquitoes (D:12)
  A steam dragon (D:9)
  8 soldier ants (D:10)
  Edmund (D:4)
  Duvessa (D:5)
  3 orc warriors
  An ice beast (D:5)
  A necrophage (D:10)
  3 sky beasts
  4 ogres
  4 phantoms
  11 centaurs
  A big kobold (D:11)
  A crocodile (D:9)
  4 bullfrogs
  A wyvern skeleton (D:9)
  Dowan (D:5)
  2 scorpions
  A water moccasin skeleton (D:5)
  A killer bee (D:9)
  4 howler monkeys
  7 crimson imps
  4 quasits
  2 jellies
  9 hounds
  2 bullfrog skeletons
  A gnoll shaman (D:7)
  7 orc priests
  14 orc wizards
  Crazy Yiuf (D:3)
  2 iguanas
  35 worker ants
  3 hound skeletons
  Robin (D:2)
  2 worker ant zombies
  17 gnolls
  A howler monkey skeleton (D:4)
  12 adders
  4 shadow imps
  An ooze (D:2)
  An adder skeleton (D:4)
  An adder zombie (D:6)
  2 worms
  A dart slug (D:1)
  7 leopard geckos
  21 orcs
  2 ball pythons
  3 giant cockroaches
  17 goblins
  10 hobgoblins
  7 jackals
  9 kobolds
  5 quokkas
  11 bats
  5 frilled lizards
  A leopard gecko skeleton (D:4)
  2 quokka skeletons
  11 rats
342 creatures vanquished.

Vanquished Creatures (others)
  3 slaves (D:5)
3 creatures vanquished.

Grand Total: 345 creatures vanquished

Notes
Turn   | Place    | Note
-------+----------+-------------------------------------------
     0 | D:1      | Faca the Formicid Fighter began the quest for the Orb.
     0 | D:1      | Reached XP level 1. HP: 18/18 MP: 1/1
   156 | D:1      | Reached XP level 2. HP: 23/24 MP: 2/2
  1059 | D:2      | Reached XP level 3. HP: 29/29 MP: 3/3
  1229 | D:2      | Reached skill level 3 in Long Blades
  1229 | D:2      | Reached XP level 4. HP: 16/37 MP: 4/4
  1481 | D:2      | Noticed Robin
  1537 | D:2      | Killed Robin
  1537 | D:2      | Reached XP level 5. HP: 7/42 MP: 5/5
  1719 | D:2      | Reached skill level 5 in Shields
  2390 | D:3      | Noticed an ogre
  2398 | D:3      | Killed an ogre
  2398 | D:3      | Reached skill level 4 in Long Blades
  2398 | D:3      | Reached XP level 6. HP: 36/48 MP: 6/6
  2696 | D:3      | Found a runed door.
  2700 | D:3      | Noticed Crazy Yiuf
  2709 | D:3      | Killed Crazy Yiuf
  3001 | D:4      | Found a stormy altar of Qazlal.
  3015 | D:4      | Noticed Edmund
  3043 | D:4      | Killed Edmund
  3043 | D:4      | Reached XP level 7. HP: 40/55 MP: 7/7
  3580 | D:4      | Reached skill level 5 in Long Blades
  3866 | D:5      | Entered Level 5 of the Dungeon
  3866 | D:5      | Noticed Pikel
  3916 | D:4      | Killed Pikel
  3916 | D:4      | Reached skill level 6 in Long Blades
  3916 | D:4      | Reached skill level 5 in Armour
  3916 | D:4      | Reached skill level 1 in Dodging
  3916 | D:4      | Reached XP level 8. HP: 36/61 MP: 8/8
  4390 | D:5      | Found Henaruyph's Food Shop.
  4397 | D:5      | Noticed Dowan
  4403 | D:5      | Noticed Duvessa
  4433 | D:5      | Killed Duvessa
  4436 | D:5      | Killed Dowan
  4669 | D:5      | Reached skill level 5 in Fighting
  4719 | D:5      | Found Seammawi's Book Emporium.
  4786 | D:5      | Found a staircase to the Ecumenical Temple.
  4789 | D:5      | Reached XP level 9. HP: 68/68 MP: 9/9
  4797 | Temple   | Entered the Ecumenical Temple
  4804 | Temple   | Became a worshipper of Warmaster Okawaru
  4832 | D:5      | Found Ushipnuss's Book Emporium.
  4907 | D:5      | Reached skill level 7 in Long Blades
  4935 | D:5      | Found Ityac's Antique Armour Shoppe.
  5002 | D:5      | Found Geseriur's Antique Weapon Shoppe.
  5224 | D:6      | Got a dazzling hand axe
  5227 | D:6      | Identified the +6 hand axe of Puasm {chop, rPois} (You found it on level 6 of the Dungeon)
  5408 | D:6      | HP: 3/68 [poisoned by an orc wizard]
  5416 | D:6      | HP: 3/68 [poisoned by an orc wizard]
  6006 | D:6      | Reached * piety under Okawaru
  6006 | D:6      | Reached skill level 8 in Long Blades
  6553 | D:7      | Reached ** piety under Okawaru
  6553 | D:7      | Reached skill level 9 in Long Blades
  6689 | D:7      | Reached XP level 10. HP: 76/76 MP: 10/10
  7217 | D:8      | Noticed Prince Ribbit
  7236 | D:8      | Killed Prince Ribbit
  8125 | D:9      | Found Zoong's Antique Armour Emporium.
  8211 | D:9      | Reached *** piety under Okawaru
  8232 | D:9      | Reached skill level 10 in Long Blades
  8402 | D:9      | Noticed a two-headed ogre
  8411 | D:9      | Killed a two-headed ogre
  8411 | D:9      | Reached **** piety under Okawaru
  8411 | D:9      | Reached skill level 10 in Shields
  8411 | D:9      | Reached XP level 11. HP: 29/83 MP: 11/11
  8766 | D:9      | Reached skill level 11 in Long Blades
  8903 | D:9      | Found a runed door.
  8903 | D:9      | Noticed a green ugly thing
  8912 | D:9      | Killed a green ugly thing
  8923 | D:9      | Noticed a five-headed hydra
  8948 | D:9      | Killed a five-headed hydra
  8948 | D:9      | Reached ***** piety under Okawaru
  9331 | D:9      | Received a gift from Okawaru
  9332 | D:9      | Got a heavily runed chain mail {god gift}
  9343 | D:9      | Identified the +7 chain mail of Enaunnema {Dex+3} (Okawaru gifted it to you on level 9 of the Dungeon)
  9349 | D:10     | Entered Level 10 of the Dungeon
  9380 | D:10     | Noticed a manticore
  9675 | D:10     | Noticed a death knight
 10020 | D:10     | Found Kyadeowk's Book Boutique.
 10035 | D:10     | Noticed a skeletal warrior
 10037 | D:10     | Noticed an unseen horror
 10037 | D:10     | Noticed a skeletal warrior
 10068 | D:9      | Killed a skeletal warrior
 10174 | D:9      | Killed a skeletal warrior
 10174 | D:9      | Reached skill level 1 in Stealth
 10431 | D:10     | Killed an unseen horror
 10438 | D:10     | Noticed a skeletal warrior
 10455 | D:10     | Killed a skeletal warrior
 10513 | D:10     | Noticed a skeletal warrior
 10513 | D:10     | Noticed a skeletal warrior
 10555 | D:9      | Killed a skeletal warrior
 10555 | D:9      | Reached skill level 12 in Long Blades
 10565 | D:9      | Killed a skeletal warrior
 10935 | D:10     | Reached XP level 12. HP: 92/92 MP: 12/12
 11015 | D:10     | Noticed a two-headed ogre
 11033 | D:9      | Killed a two-headed ogre
 11078 | D:10     | Killed a death knight
 11342 | D:10     | Noticed a two-headed ogre
 11361 | D:10     | Killed a two-headed ogre
 11703 | D:10     | Found a staircase to the Orcish Mines.
 11989 | D:10     | Reached skill level 13 in Long Blades
 12449 | D:10     | Received a gift from Okawaru
 12478 | D:10     | Reached skill level 1 in Short Blades
 12521 | D:10     | Upgraded the game from 0.20-a0-472-g5c05303 to 0.20-a0-492-g6327889
 12582 | D:10     | Noticed a queen ant
 12598 | D:10     | Killed a queen ant
 12695 | D:11     | Noticed a two-headed ogre
 12704 | D:11     | Killed a two-headed ogre
 12722 | D:11     | Found a staircase to the Lair.
 12723 | D:11     | Noticed a five-headed hydra
 12739 | D:11     | Killed a five-headed hydra
 12739 | D:11     | Reached ****** piety under Okawaru
 12927 | D:11     | Received a gift from Okawaru
 12954 | D:11     | Reached XP level 13. HP: 88/100 MP: 13/13
 13079 | D:11     | Noticed Psyche
 13092 | D:11     | Killed Psyche
 13475 | D:12     | Found Robbuty's Antique Weapon Boutique.
 13860 | D:12     | Noticed an eight-headed hydra
 13878 | D:12     | HP: 5/101 [nine-headed hydra (5)]
 13879 | D:12     | Mangled by a nine-headed hydra

Vault maps used:
D:1:      shiori_shiawase
D:2:      minmay_rat_gold_closets, uniq_robin
D:3:      uniq_crazy_yiuf_cottage
D:4:      kennysheep_six_static_rooms, grunt_qazlal_clouds, uniq_edmund
D:5:      serial_shops, shop, kennysheep_mini_moat, kennysheep_little_box, shop,
          shop, first_bread, uniq_pikel, uniq_duvessa
D:7:      the_bakery
D:8:      uniq_prince_ribbit1
D:9:      serial_shops, shop_fountains, minivault_13
D:10:     wad_guarded_room, serial_shops, shop, zaba_antful_of_joy
D:11:     lair_entry_dummy, uniq_psyche
D:12:     serial_shops, shop
Temple:   dpeg_three_leaves_temple

Skill      XL: |  1  2  3  4  5  6  7  8  9 10 11 12 13 |
---------------+----------------------------------------+-----
Shields        | 4 5 6 7 8 10 11 12 | 12.5
Long Blades    | 3 4 6 9 10 12 13 | 13.7
Fighting       | 4 5 6 7 8 9 |  9.1
Armour         | 4 5 6 7 8 9 |  9.1
Dodging        | 1 2 3 |  3.0
Stealth        | 1 |  1.1
Short Blades   | 3 |  3.6
Invocations    | |  0.5

Action                   |  1- 3 |  4- 6 |  7- 9 | 10-12 | 13-15 || total
-------------------------+-------+-------+-------+-------+-------++-------
Melee: Long sword        |    81 |   221 |   223 |       |       ||   525
       Great sword       |       |       |   202 |   550 |   105 ||   857
       Rapier            |       |       |       |   134 |    24 ||   158
Invok: Heroism           |       |       |       |     1 |       ||     1
 Abil: Dig               |       |     3 |     1 |     2 |       ||     6
  Use: Scroll            |     3 |     6 |     4 |     7 |     3 ||    23
       Potion            |       |     1 |       |     4 |     1 ||     6
  Eat: Meat ration       |     1 |     1 |       |     1 |       ||     3
       Chunk             |       |     1 |     5 |     3 |       ||     9
       Bread ration      |       |       |     1 |     3 |     1 ||     5
       Fruit             |       |       |       |     7 |       ||     7
Armor: Chain mail        |    45 |   129 |   188 |   340 |   100 ||   802
Dodge: Dodged            |    25 |    64 |   108 |   275 |    54 ||   526
Block: Shield            |    49 |   131 |   282 |   468 |   109 ||  1039
       Rpst.: Long sword |     9 |    24 |    21 |       |       ||    54
       Great sword       |       |       |    21 |    60 |    11 ||    92
